 Dungeon Crawl Stone Soup version 0.31-a0-202-g547052bce9 (webtiles) character file.

Game seed: 15300543552966581552

63 qw the Shooter (level 3, -6/20 HPs)
             Began as a Deep Elf Hunter on June 26, 2023.
             Mangled by a black bear (7 damage)
             ... on level 3 of the Dungeon.
             The game lasted 00:00:28 (1390 turns).

qw the Shooter (Deep Elf Hunter)                    Turns: 1390, Time: 00:00:28

Health: -6/20      AC:  8    Str: 10    XL:     3   Next: 87%
Magic:  5/5        EV: 11    Int: 13    God:
Gold:   127        SH:  0    Dex: 18    Spells: 2/2 levels left

rFire   . . .        Y - +2 shortbow
rCold   . . .        (shield currently unavailable)
rNeg    . . .        i - +0 ring mail
rPois   .            e - +1 helmet
rElec   .            (no cloak)
rCorr   .            (no gloves)
SInv    .            k - +0 pair of boots
Will    .....        (no amulet)
Stlth   +            (no ring)
HPRegen 0.23/turn    (no ring)
MPRegen 0.09/turn

%: no passive effects
@: no status effects
A: no striking features
a: no special abilities


You were on level 3 of the Dungeon.
You visited 1 branch of the dungeon, and saw 3 of its levels.

You collected 127 gold pieces.


   Skills:
 - Level 1.5 Fighting
 + Level 7.3 Ranged Weapons
 - Level 2.4 Dodging
 - Level 1.2 Stealth


You had 2 spell levels left.
You didn't know any spells.
Your spell library was empty.

Inventory:

Hand Weapons
 Y - a +2 shortbow (weapon)
Armour
 e - a +1 helmet (worn)
 i - a +0 ring mail (worn)
 k - a +0 pair of boots (worn)
Scrolls
 a - a scroll of identify
 d - a scroll of revelation {unknown}
Potions
 b - a potion of attraction {unknown}
 c - a potion of invisibility {unknown}
 g - a potion of haste

Dungeon Overview and Level Annotations

Branches:
Dungeon (3/15)

Altars:


Message History

You shoot an arrow.
The arrow hits the black bear but does no damage.
The black bear is lightly wounded.
The jackal bites you.
The black bear bites you but does no damage.
The black bear barely misses you.
The black bear claws you but does no damage.
The jackal bites you but does no damage.
You shoot an arrow. The arrow hits the black bear.
The black bear is moderately wounded.
The jackal bites you but does no damage.
The black bear bites you. The black bear barely misses you.
The black bear claws you. The jackal barely misses you.
The black bear bites you.
The black bear claws you but does no damage.
The black bear closely misses you.
You shoot an arrow. The arrow barely misses the black bear.
The jackal barely misses you.
The black bear bites you but does no damage.
The black bear claws you but does no damage.
The black bear closely misses you. The jackal misses you.
You shoot an arrow. The arrow hits the black bear.
The black bear is moderately wounded.
The jackal bites you. The black bear barely misses you.
The black bear closely misses you.
The black bear claws you but does no damage.
You shoot an arrow. The arrow barely misses the black bear.
The jackal closely misses you. The black bear bites you.
The black bear closely misses you. x2; The jackal closely misses you.
You shoot an arrow. The arrow hits the black bear!
The black bear is severely wounded.
The jackal bites you but does no damage.
The black bear bites you but does no damage.
The black bear misses you.
The black bear claws you but does no damage.
The jackal barely misses you.
You shoot an arrow. The arrow hits the black bear.
The black bear is severely wounded.
The black bear bites you!
You die...

.....# ....... #
..... #. ....
#.## ... ... #.#
#.#.###.#
#...@h..#
#.#h###.#########
#. #........<..
.. #..########.
..# #.........
.... #.########
...? #.# .....
#.# #~~ ....###.#


You could see a black bear and a jackal.

Vanquished Creatures
  2 adders (D:2)
  A worm (D:2)
  3 dart slugs
  5 ball pythons
  6 endoplasms
  3 giant cockroaches
  3 goblins
  3 hobgoblins
  A bat (D:2)
  2 kobolds
  5 rats
34 creatures vanquished.

Notes
Turn   | Place    | Note
-------+----------+-------------------------------------------
     0 | D:1      | qw the Deep Elf Hunter began the quest for the Orb.
     0 | D:1      | Reached XP level 1. HP: 12/12 MP: 3/3
     0 | D:1      | 0 ||| qw: Version: 0.3-a-22-g0ed2b0b
     0 | D:1      | 0 ||| qw: Game counter: 6279
     0 | D:1      | 0 ||| qw: Melee chars always use a shield: true
     0 | D:1      | 0 ||| qw: God list: Okawaru
     0 | D:1      | 0 ||| qw: Allow faded altars: false
     0 | D:1      | 0 ||| qw: Do Orc after clearing Dungeon:15 true
     0 | D:1      | 0 ||| qw: Do second Lair branch before Depths: true
     0 | D:1      | 0 ||| qw: Lair rune preference: random
     0 | D:1      | 0 ||| qw: Goals: Normal
     0 | D:1      | 0 ||| PLANNING D:1-11
    74 | D:1      | Reached XP level 2. HP: 11/16 MP: 4/4
   144 | D:1      | Reached skill level 6 in Ranged Weapons
   573 | D:1      | 573 ||| UPGRADING to +1 helmet.
   578 | D:1      | 578 ||| UPGRADING to +0 ring mail.
   588 | D:1      | 588 ||| DROPPING +0 leather armour.
   589 | D:1      | 589 ||| UPGRADING to +0 pair of boots.
   594 | D:1      | 594 ||| READING 3 scrolls labelled ZYLIBE ANOPPO.
   595 | D:1      | 595 ||| READING 2 scrolls labelled KIUNNA OSISM.
   596 | D:1      | 596 ||| READING scroll labelled IPISMUEDEU.
   597 | D:1      | 597 ||| READING scroll labelled JOKEDY VONASOH.
   598 | D:1      | 598 ||| READING 2 scrolls of identify.
   598 | D:1      | 598 ||| IDENTIFYING sedimented orange potion
   599 | D:1      | 599 ||| DROPPING scroll of butterflies.
   600 | D:1      | 600 ||| DROPPING scroll of fog.
   629 | D:2      | Reached XP level 3. HP: 20/20 MP: 5/5
   692 | D:2      | 692 ||| READING scroll of enchant weapon.
   692 | D:2      | 692 ||| ENCHANTING +1 shortbow.
   795 | D:2      | Reached skill level 7 in Ranged Weapons
  1376 | D:3      | Noticed a black bear
  1385 | D:3      | HP: 5/20 [black bear (3)]
  1385 | D:3      | HP: 2/20 [black bear (3)]
  1390 | D:3      | Mangled by a black bear

Levels and vault maps discovered:
D:1:      lemuel_arrival_river_bridge, layout_loops_ring
D:2:      layout_loops_corners
D:3:      wander_river, layout_loops_ring, hellmonk_ghost_happy_afterlife

Skill      XL: |  1  2  3 |
---------------+----------+-----
Ranged Weapons | 6 7 |  7.3
Fighting       | |  1.5
Dodging        | |  2.4
Stealth        | |  1.2

Action                     || total
---------------------------++-------
   Fire: Shortbow          ||    98
    Use: Scroll            ||     6
 Armour: Ring mail         ||    20
         Leather armour    ||     1
  Dodge: Dodged            ||    34

Table legend:
 A = Non-vault XP
 B = Vault XP
 C = Vault XP percentage of total XP
 D = Non-vault monster count
 E = Vault monster count
 F = Vault count percentage of total count
                 A         B        C        D         E       F
            +---------+---------+-------+---------+---------+-------
      Total |      90 |       0 |   0.0 |      34 |       0 |   0.0
            +---------+---------+-------+---------+---------+-------
        D:1 |      34 |       0 |   0.0 |      17 |       0 |   0.0
        D:2 |      56 |       0 |   0.0 |      17 |       0 |   0.0
            +---------+---------+-------+---------+---------+-------
